 Dungeon Crawl Stone Soup version 0.29.1-4-g47bece8355 (webtiles) character file.

Game seed: 7984165702361482261

49 fantasyman the Conjurer (level 3, -9/26 HPs)
             Began as a Gnoll Conjurer on Dec 8, 2022.
             Mangled by Sigmund
             ... wielding a +0 scythe
              (11 damage)
             ... on level 2 of the Dungeon.
             The game lasted 00:01:34 (1106 turns).

fantasyman the Conjurer (Gnoll Conjurer)            Turns: 1106, Time: 00:01:34

Health: -9/26      AC:  2    Str:  6    XL:     3   Next: 77%
Magic:  9/9        EV: 13    Int: 19    God:
Gold:   63         SH:  0    Dex: 10    Spells: 9/12 levels left

rFire   . . .      SeeInvis .     - Unarmed
rCold   . . .      Faith    .   (no shield)
rNeg    . . .      Spirit   .   a - +0 robe
rPois   .          Reflect  .   (no helmet)
rElec   .          Harm     .   (no cloak)
rCorr   .          Rampage  .   (no gloves)
Will    .....                   (no boots)
Stlth   ++........              (no amulet)
HPRegen 0.08/turn               (no ring)
MPRegen 0.11/turn               (no ring)

@: no status effects
A: fangs 1, strong nose, distributed training
a: no special abilities


You were on level 2 of the Dungeon.
You visited 1 branch of the dungeon, and saw 2 of its levels.

You collected 63 gold pieces.

Inventory:

Armour
 a - a +0 robe (worn)
Jewellery
 f - an amulet of guardian spirit
 i - a +6 ring of strength
Scrolls
 e - 2 scrolls of identify {unknown}
 g - a scroll of fear {unknown}
Potions
 c - a potion of flight {unknown}
 d - a potion of curing {unknown}
 h - 2 potions of heal wounds {unknown}


   Skills:
 + Level 1.0 Fighting
 + Level 1.0 Short Blades
 + Level 1.0 Long Blades
 + Level 1.0 Axes
 + Level 1.0 Maces & Flails
 + Level 1.0 Polearms
 + Level 1.0 Staves
 + Level 1.0 Ranged Weapons
 + Level 1.0 Throwing
 + Level 1.0 Armour
 + Level 4.6 Dodging
 + Level 4.2 Stealth
 + Level 1.0 Shields
 + Level 1.0 Unarmed Combat
 + Level 5.0 Spellcasting
 + Level 7.1 Conjurations
 + Level 0.7 Hexes
 + Level 0.7 Summonings
 + Level 0.7 Necromancy
 + Level 0.7 Translocations
 + Level 0.7 Transmutations
 + Level 0.7 Fire Magic
 + Level 0.7 Ice Magic
 + Level 0.7 Air Magic
 + Level 0.7 Earth Magic
 + Level 0.7 Poison Magic
 + Level 1.0 Invocations
 + Level 1.0 Evocations


You had 9 spell levels left.
You knew the following spells:

 Your Spells              Type           Power      Damage    Failure   Level
a - Magic Dart            Conj           100%       1d8       1%          1
b - Searing Ray           Conj           62%        2d6       1%          2

Your spell library contained the following spells:

 Spells                   Type           Power      Damage    Failure   Level
 Dazzling Flash           Conj/Hex       38%        N/A       8%          3
 Fulminant Prism          Conj/Hex       9%         3d7       24%         4
 Iskenderun's Mystic Bla  Conj/Tloc      19%        2d6       24%         4


Dungeon Overview and Level Annotations

Branches:
Dungeon (2/15)

Altars:

Annotations:
D:2 Sigmund


Innate Abilities, Weirdness & Mutations

You have very sharp teeth.
Your uncanny sense of smell can sniff out nearby items.
Your experience applies equally to all skills.


Message History

* * * LOW HITPOINT WARNING * * *
Natasha attacks as you move away! Natasha claws you.
* * * LOW HITPOINT WARNING * * *
Casting: Magic Dart (safe; 1% risk of failure)
Confirm with . or Enter, or press ? or * to list all spells.
Aiming: Searing Ray (safe; 1% risk of failure)
Press: ? - help, Shift-Dir - straight line, f/p - Natasha
Aim: Natasha (almost dead, 74% to hit)
The searing ray hits Natasha!
You kill Natasha!
Natasha growls in agony! (Press . to maintain the ray.)
Your Fighting skill increases to level 1!
Your Short Blades skill increases to level 1!
Your Long Blades skill increases to level 1!
Your Axes skill increases to level 1!
Your Maces & Flails skill increases to level 1!
Your Polearms skill increases to level 1!
Your Staves skill increases to level 1!
Your Ranged Weapons skill increases to level 1!
Your Throwing skill increases to level 1!
Your Armour skill increases to level 1!
Your Shields skill increases to level 1!
Your Unarmed Combat skill increases to level 1!
Your Invocations skill increases to level 1!
Your Evocations skill increases to level 1!
Unknown command.
Casting: Searing Ray (safe; 1% risk of failure)
Confirm with . or Enter, or press ? or * to list all spells.
Restarting spell: Searing Ray (safe; 1% risk of failure)
Press: ? - help, Shift-Dir - straight line, f - Sigmund
Aim: Sigmund, wielding a +0 scythe and wearing a +0 robe (fast, 77% to hit)
The searing ray misses Sigmund. (Press . to maintain the ray.) Sigmund closely misses you.
Sigmund casts a spell.
Sigmund flickers and vanishes!
Deactivating autopickup; reactivate with Ctrl-A.
Magic courses through your body. Something hits you!
You die...

.......###.##
.#####.....# .#
#....### .#
###.##...#####
.##....####.....#
. ....####
#####.# #.
..##### #.## ..
......# #..##.#
..###.# ##@.#.#
#.# ##.#.# #.##
#{#.# #..# #r..#
.#.# ∆ ##.## .#.#
..# .#.## ...#
.#..# .##..
.##.#####.. ..
#..


You could see a quokka.

Vanquished Creatures
  Natasha (D:2)
  3 bats
  3 endoplasms
  A giant cockroach (D:1)
  2 goblins
  3 hobgoblins
  4 kobolds
  A quokka (D:1)
  A ball python (D:2)
  6 rats
25 creatures vanquished.

Notes
Turn   | Place    | Note
-------+----------+-------------------------------------------
     0 | D:1      | fantasyman the Gnoll Conjurer began the quest for the Orb.
     0 | D:1      | Reached XP level 1. HP: 13/13 MP: 6/6
   179 | D:1      | Reached XP level 2. HP: 19/19 MP: 5/7
   182 | D:1      | Learned a level 2 spell: Searing Ray
   986 | D:2      | Reached skill level 5 in Spellcasting
   986 | D:2      | Reached XP level 3. HP: 25/25 MP: 5/9
  1095 | D:2      | Noticed Natasha
  1095 | D:2      | Noticed Sigmund
  1102 | D:2      | Killed Natasha
  1103 | D:2      | Reached skill level 1 in Fighting
  1103 | D:2      | Reached skill level 1 in Short Blades
  1103 | D:2      | Reached skill level 1 in Long Blades
  1103 | D:2      | Reached skill level 1 in Axes
  1103 | D:2      | Reached skill level 1 in Maces & Flails
  1103 | D:2      | Reached skill level 1 in Polearms
  1103 | D:2      | Reached skill level 1 in Staves
  1103 | D:2      | Reached skill level 1 in Ranged Weapons
  1103 | D:2      | Reached skill level 1 in Throwing
  1103 | D:2      | Reached skill level 1 in Armour
  1103 | D:2      | Reached skill level 1 in Shields
  1103 | D:2      | Reached skill level 1 in Unarmed Combat
  1103 | D:2      | Reached skill level 1 in Invocations
  1103 | D:2      | Reached skill level 1 in Evocations
  1106 | D:2      | Mangled by Sigmund

Illustrated notes

Levels and vault maps discovered:
D:1:      minmay_arrival_stone_box, layout_rooms, minmay_misc_feat_more_columns,
          st_stairs_14
D:2:      layout_rooms, serial_shops, nicolae_square_shop, uniq_natasha,
          uniq_sigmund, uniq_jessica

Skill      XL: |  1  2  3 |
---------------+----------+-----
Spellcasting   | 5 |  5.0
Fighting       | 1 |  1.0
Short Blades   | 1 |  1.0
Long Blades    | 1 |  1.0
Axes           | 1 |  1.0
Maces & Flails | 1 |  1.0
Polearms       | 1 |  1.0
Staves         | 1 |  1.0
Ranged Weapons | 1 |  1.0
Throwing       | 1 |  1.0
Armour         | 1 |  1.0
Shields        | 1 |  1.0
Unarmed Combat | 1 |  1.0
Invocations    | 1 |  1.0
Evocations     | 1 |  1.0
Dodging        | |  4.6
Stealth        | |  4.2
Conjurations   | |  7.1
Hexes          | |  0.7
Summonings     | |  0.7
Necromancy     | |  0.7
Translocations | |  0.7
Transmutations | |  0.7
Fire Magic     | |  0.7
Ice Magic      | |  0.7
Air Magic      | |  0.7
Earth Magic    | |  0.7
Poison Magic   | |  0.7

Action                   || total
-------------------------++-------
Melee: Unarmed           ||     5
       Bite              ||     1
 Cast: Magic Dart        ||    45
       Searing Ray       ||     3
  Use: Potion            ||     1
Armor: Robe              ||     1
Dodge: Dodged            ||    13
